 Dungeon Crawl Stone Soup version 0.31-a0-193-gdfe2569204 (webtiles) character file.

Game seed: 2597397598481822601

117 qw the Skirmisher (level 4, -11/25 HPs)
             Began as a Deep Elf Hunter on June 23, 2023.
             Mangled by an ogre
             ... wielding a +0 giant spiked club
              (19 damage)
             ... on level 3 of the Dungeon.
             The game lasted 00:00:29 (1257 turns).

qw the Skirmisher (Deep Elf Hunter)                 Turns: 1257, Time: 00:00:29

Health: -11/25     AC:  6    Str: 10    XL:     4   Next: 71%
Magic:  6/6        EV: 11    Int: 14    God:
Gold:   9          SH:  0    Dex: 18    Spells: 3/3 levels left

rFire   . . .        Y - +0 shortbow
rCold   . . .        (shield currently unavailable)
rNeg    . . .        e - +0 ring mail
rPois   .            (no helmet)
rElec   .            (no cloak)
rCorr   .            (no gloves)
SInv    .            c - +0 pair of boots
Will    .....        (no amulet)
Stlth   +            (no ring)
HPRegen 0.24/turn    (no ring)
MPRegen 0.10/turn

%: no passive effects
@: no status effects
A: no striking features
a: no special abilities


You were on level 3 of the Dungeon.
You visited 1 branch of the dungeon, and saw 3 of its levels.

You collected 31 gold pieces.
You spent 22 gold pieces at shops.


   Skills:
 - Level 1.5 Fighting
 + Level 8.1 Ranged Weapons
 - Level 2.4 Dodging
 - Level 1.2 Stealth


You had 3 spell levels left.
You didn't know any spells.
Your spell library was empty.

Inventory:

Hand Weapons
 Y - a +0 shortbow (weapon)
Armour
 c - a +0 pair of boots (worn)
 e - a +0 ring mail (worn)
Jewellery
 f - a +4 ring of protection
Potions
 a - a potion of mutation {unknown}
 b - a potion of might {unknown}
 d - a potion of berserk rage {unknown}
 g - a potion of curing
 h - a potion of invisibility {unknown}

Dungeon Overview and Level Annotations

Branches:
Dungeon (3/15)

Altars:

Shops:
D:1 :   D:2 *?


Message History

You shoot an arrow. The jackal barks!
The arrow hits the jackal.
You kill the jackal!
You hear a shout!
You shoot an arrow. The arrow hits the rat.
You kill the rat!
f - a +4 ring of protection
Enter note:
Enter note: An ogre comes into view. It is wielding a +0 giant spiked club.
Enter note:
Enter note: You shoot an arrow.
The ogre shouts!
The arrow hits the ogre.
The ogre is lightly wounded.
You shoot an arrow. The arrow hits the ogre.
The ogre is lightly wounded.
You shoot an arrow. The arrow closely misses the ogre.
You shoot an arrow. The arrow hits the ogre!
The ogre is heavily wounded.
You shoot an arrow. The arrow hits the ogre.
The ogre is severely wounded.
You shoot an arrow.
The arrow hits the ogre but does no damage.
The ogre is severely wounded.
The ogre hits you with a +0 giant spiked club.
You shoot an arrow.
The arrow hits the ogre but does no damage.
The ogre is severely wounded.
You shoot an arrow. The arrow hits the ogre.
The ogre is severely wounded.
The ogre hits you with a +0 giant spiked club!
Ouch! That really hurt!
You shoot an arrow. The arrow hits the ogre.
The ogre is severely wounded.
The ogre hits you with a +0 giant spiked club!!
Ouch! That really hurt!
You die...

.#... #.###
#####...#######
..........).....###
#########.#.##.....
#.#......$. #
#.#..#.###....
#>...#...#...#
#####.........
#.@..%%...
#.O.......
#.........
#.........
#.........
#.........
#.........
#........$


You could see an ogre.

Vanquished Creatures
  Jessica (D:3)
  5 adders
  2 worms (D:2)
  A dart slug (D:2)
  2 bats (D:2)
  An endoplasm (D:1)
  2 giant cockroaches (D:2)
  6 goblins
  5 hobgoblins
  4 jackals
  A frilled lizard (D:1)
  2 kobolds
  7 rats
39 creatures vanquished.

Notes
Turn   | Place    | Note
-------+----------+-------------------------------------------
     0 | D:1      | qw the Deep Elf Hunter began the quest for the Orb.
     0 | D:1      | Reached XP level 1. HP: 12/12 MP: 3/3
     0 | D:1      | 0 ||| qw: Version: 0.3-a-9-g12657ce
     0 | D:1      | 0 ||| qw: Game counter: 4594
     0 | D:1      | 0 ||| qw: Always use a shield: true
     0 | D:1      | 0 ||| qw: God list: Okawaru
     0 | D:1      | 0 ||| qw: Allow faded altars: false
     0 | D:1      | 0 ||| qw: Do Orc after D:15 true
     0 | D:1      | 0 ||| qw: Do second Lair branch before Depths: true
     0 | D:1      | 0 ||| qw: Lair rune preference: random
     0 | D:1      | 0 ||| qw: Plans: Normal
     0 | D:1      | 0 ||| PLANNING D:1-11
   148 | D:1      | Found Xorim's Book Emporium.
   226 | D:1      | Reached XP level 2. HP: 16/16 MP: 4/4
   228 | D:1      | Reached skill level 6 in Ranged Weapons
   413 | D:1      | 413 ||| UPGRADING to +0 ring mail.
   423 | D:1      | 423 ||| DROPPING +0 leather armour.
   424 | D:1      | 424 ||| READING scroll labelled GICSAZXUETU.
   425 | D:1      | 425 ||| DRINKING 2 puce potions.
   426 | D:1      | 426 ||| DROPPING scroll of butterflies.
   469 | D:2      | Reached XP level 3. HP: 20/20 MP: 5/5
   595 | D:2      | Found Nuletwuxti's Assorted Antiques.
   603 | D:2      | 603 ||| SHOPLISTING bone wand (100 gold, have 31).
   603 | D:2      | 603 ||| SHOPLISTING encrusted bronze wand (100 gold, have
                  | 31).
   603 | D:2      | 603 ||| BUYING fizzy brown potion (22 gold).
   603 | D:2      | Bought a fizzy brown potion for 22 gold pieces
   603 | D:2      | 603 ||| SHOPLISTING scroll labelled LOTEAT ZAITEES (25
                  | gold, have 9).
   603 | D:2      | 603 ||| SHOPLISTING scroll of identify (50 gold, have 9).
   603 | D:2      | 603 ||| SHOPLISTING viscous purple potion (22 gold, have
                  | 9).
   645 | D:2      | Reached skill level 7 in Ranged Weapons
   677 | D:2      | Found Mataky's Magic Scroll Shoppe.
   680 | D:2      | 680 ||| SHOPLISTING scroll of identify (26 gold, have 9).
   680 | D:2      | 680 ||| SHOPLISTING scroll of teleportation (39 gold, have
                  | 9).
   749 | D:2      | Found a faded altar of an unknown god.
   749 | D:2      | Noticed a floating eye
   761 | D:2      | Noticed a great orb of eyes
   771 | D:2      | Noticed a shining eye
   777 | D:2      | Noticed a floating eye
   847 | D:2      | You fall into a shaft and drop 1 floor!
   848 | D:3      | 848 ||| UPGRADING to +0 pair of boots.
   853 | D:3      | Noticed Jessica
   862 | D:3      | Killed Jessica
   863 | D:3      | Reached XP level 4. HP: 17/25 MP: 6/6
  1177 | D:3      | Reached skill level 8 in Ranged Weapons
  1248 | D:3      | Noticed an ogre
  1257 | D:3      | Mangled by an ogre

Levels and vault maps discovered:
D:1:      dpeg_arrival_more_subterranean_lakeside_camping, layout_basic,
          serial_shops, shop
D:2:      layout_basic, hellmonk_ecumenical_altar_watching_god, serial_shops,
          shop, nicolae_shop_rolled_up
D:3:      cheibrodos_fertilizer, layout_basic, amcnicky_mini_pool_small,
          bh_walls_and_bars, uniq_jessica, uniq_sigmund

Skill      XL: |  1  2  3  4 |
---------------+-------------+-----
Ranged Weapons | 6 7 8 |  8.1
Fighting       | |  1.5
Dodging        | |  2.4
Stealth        | |  1.2

Action                     |  1- 3 |  4- 6 || total
---------------------------+-------+-------++-------
   Fire: Shortbow          |    79 |    27 ||   106
    Use: Scroll            |     1 |       ||     1
         Potion            |     1 |       ||     1
 Armour: Ring mail         |     9 |       ||     9
  Dodge: Dodged            |     7 |     2 ||     9

Table legend:
 A = Non-vault XP
 B = Vault XP
 C = Vault XP percentage of total XP
 D = Non-vault monster count
 E = Vault monster count
 F = Vault count percentage of total count
                 A         B        C        D         E       F
            +---------+---------+-------+---------+---------+-------
      Total |     131 |      37 |  22.0 |      38 |       1 |   2.6
            +---------+---------+-------+---------+---------+-------
        D:1 |      20 |       0 |   0.0 |      12 |       0 |   0.0
        D:2 |      89 |       0 |   0.0 |      20 |       0 |   0.0
        D:3 |      22 |      37 |  62.7 |       6 |       1 |  14.3
            +---------+---------+-------+---------+---------+-------
